 Dungeon Crawl Stone Soup version 0.24-a0-458-gfcb5e6da0e (webtiles) character file.

Game seed: 4485656906268720083

1409 Gynju the Ruffian (level 8, -2/79 HPs)
             Began as a Troll Fighter on June 27, 2019.
             Was a Believer of Cheibriados.
             Slain by a death yak (20 damage)
             ... on level 8 of the Dungeon.
             The game lasted 00:10:51 (4633 turns).

Gynju the Ruffian (Troll Fighter)                   Turns: 4633, Time: 00:10:52

Health: -2/79      AC:  6    Str: 30    XL:     8   Next: 42%
Magic:  8/8        EV: 11    Int:  9    God:    Cheibriados [**....]
Gold:   399        SH: 11    Dex: 16    Spells: 7/7 levels left

rFire    + . .     SeeInvis .     - Unarmed
rCold    x . .     Gourm    +   q - +0 shield
rNeg     + . .     Faith    .   a - +0 robe
rPois    .         Spirit   .   (helmet restricted)
rElec    .         Reflect  .   (no cloak)
rCorr    .         Harm     .   (gloves unavailable)
MR       .....                  (boots unavailable)
Stlth    +.........             (no amulet)
HPRegen  0.63/turn              e - ring of fire
MPRegen  0.11/turn              j - ring of positive energy

@: very slow
A: large, unfitting armour, claws 3, fast metabolism 3, gourmand, regeneration
1, shaggy fur 1, tough skin 3
a: Bend Time, Renounce Religion


You were on level 8 of the Dungeon.
You worshipped Cheibriados.
Cheibriados was pleased with you.
You were completely stuffed.

You visited 1 branch of the dungeon, and saw 8 of its levels.

You collected 399 gold pieces.

Inventory:

Missiles
 h - 176 stones (quivered)
Armour
 a - a +0 robe (worn)
 q - a +0 shield (worn)
Jewellery
 e - a ring of fire (left claw)
 j - a ring of positive energy (right claw)
 v - an uncursed amulet of the gourmand {unknown}
 w - an uncursed amulet of the gourmand {unknown}
 A - a +5 ring of protection {unknown}
 C - a +2 ring of strength {unknown}
Wands
 u - a wand of flame (13)
Scrolls
 f - 3 scrolls of remove curse {unknown}
 g - 2 scrolls of teleportation {unknown}
 i - a scroll of magic mapping {unknown}
 k - 2 scrolls of random uselessness {unknown}
 l - 2 scrolls of fear {unknown}
 o - 9 scrolls of identify {unknown}
 p - a scroll of blinking {unknown}
 s - a scroll of enchant armour {unknown}
 t - 3 scrolls of amnesia {unknown}
 y - a scroll of enchant weapon {unknown}
Potions
 b - a potion of degeneration {unknown}
 c - 2 potions of might
 m - 2 potions of heal wounds {unknown}
 n - a potion of flight {unknown}
 r - 3 potions of haste {unknown}
 x - a potion of magic {unknown}
 z - 2 potions of brilliance {unknown}
 D - a potion of mutation {unknown}
Comestibles
 d - 17 rations


   Skills:
 + Level 4.6 Fighting
 + Level 4.6 Dodging
 + Level 4.6 Shields
 + Level 5.1 Unarmed Combat
 + Level 2.3 Invocations
 + Level 1.9 Evocations


You had 7 spell levels left.
You didn't know any spells.
Your spell library contained the following spells:

 Spells                   Type           Power        Failure   Level  Hunger
 Magic Dart               Conj           #...         71%         1    ##.....
 Searing Ray              Conj           #.....       83%         2    ###....
 Dazzling Spray           Conj/Hex       #.....       97%         3    ####...
 Force Lance              Conj/Tloc      #.......     100%        4    #####..
 Fulminant Prism          Conj/Hex       #.........   100%        4    #####..
 Iskenderun's Mystic Bla  Conj           #.......     100%        4    #####..


Dungeon Overview and Level Annotations

Branches:
Dungeon (8/15)             Temple (0/1) D:5            Lair (0/6) D:8

Altars:
Ashenzari
Cheibriados
Fedhas
Makhleb

Shops:
D:6 :


Innate Abilities, Weirdness & Mutations

You are too large for most types of armour.
You have claws for hands.
Your metabolism is lightning-fast.
You like to eat raw meat.
Your natural rate of healing is unusually fast.
You are covered in fur. (AC +1)
You have extremely tough skin. (AC +3)


Message History

The death yak gores you.
The death yak bellows!
You claw the death yak!
The death yak is moderately wounded.
The death yak gores you.
You scratch the death yak but do no damage.
The death yak is moderately wounded.
The death yak gores you!!
You claw the death yak!
The death yak is moderately wounded.
You block the death yak's attack.
The death yak snorts and paws the ground.
The death yak gores you. The death yak gores you!
* * * LOW HITPOINT WARNING * * *
The death yak snorts and paws the ground.
The death yak barely misses you.
The death yak snorts and paws the ground.
The death yak gores you!!
You die...

#.##...## #Y# #..#.#.#.# #.###.##
#.#####..._..#.# #.# #.#
#.......##.###.# #(# #.#
#Y#####........# ###.###'## #.#
#.###..... ....##...## #Y###
#.###..... #####....)## ##Y..#
#.##...... ##.......## ##Y.#.#
#.##......
###.........####@..#.###.##......
..+.........'....................
###.........####.........####....
##.......## #.......### ##..#
##.....## #.##....# #... ##..(##
#.##....# #### ####(#####
#.##....# ####.)......# #.......#
........###.# #####.###


You could see 3 death yaks.

Vanquished Creatures
  A sky beast (D:7)
  3 ogres
  2 centaurs
  A big kobold (D:3)
  2 scorpions
  4 wights (D:7)
  2 crimson imps
  A quasit (D:6)
  3 orc priests
  4 orc wizards
  2 iguanas
  3 worker ants
  A howler monkey zombie (D:6)
  A howler monkey skeleton (D:5)
  5 adders
  An adder skeleton (D:6)
  4 leopard geckos
  16 orcs
  A ball python (D:1)
  9 bats
  A giant cockroach (D:2)
  10 goblins
  6 hobgoblins
  2 jackals (D:1)
  2 quokkas
  3 frilled lizards
  7 kobolds
  A quokka zombie (D:5)
  7 rats
105 creatures vanquished.

Notes
Turn   | Place    | Note
-------+----------+-------------------------------------------
     0 | D:1      | Gynju the Troll Fighter began the quest for the Orb.
     0 | D:1      | Reached XP level 1. HP: 22/22 MP: 0/0
   113 | D:1      | Reached XP level 2. HP: 29/29 MP: 1/1
   366 | D:1      | Reached XP level 3. HP: 36/36 MP: 2/2
   845 | D:2      | Found a snail-covered altar of Cheibriados.
   857 | D:2      | Became a worshipper of Cheibriados the Contemplative
   996 | D:2      | Found a burning altar of Makhleb.
  1061 | D:3      | Noticed a big kobold
  1071 | D:3      | Killed a big kobold
  1071 | D:3      | Reached skill level 3 in Unarmed Combat
  1071 | D:3      | Reached XP level 4. HP: 32/45 MP: 3/3
  1072 | D:3      | Found a blossoming altar of Fedhas.
  1089 | D:3      | Reached XP level 5. HP: 48/53 MP: 4/4
  1260 | D:3      | Reached * piety under Cheibriados
  1684 | D:4      | Noticed an ogre
  1704 | D:4      | Killed an ogre
  1704 | D:4      | Reached XP level 6. HP: 35/61 MP: 5/5
  2252 | D:5      | Entered Level 5 of the Dungeon
  2383 | D:5      | Reached skill level 4 in Unarmed Combat
  2424 | D:5      | Found a staircase to the Ecumenical Temple.
  2637 | D:5      | Reached XP level 7. HP: 68/68 MP: 6/6
  2857 | D:6      | Reached ** piety under Cheibriados
  2923 | D:6      | Reached skill level 1 in Invocations
  2927 | D:6      | Reached skill level 1 in Evocations
  3151 | D:6      | Found Boovusou's Book Shop.
  3361 | D:7      | Reached XP level 8. HP: 44/79 MP: 8/8
  4287 | D:8      | Reached skill level 5 in Unarmed Combat
  4303 | D:8      | Found a shattered altar of Ashenzari.
  4609 | D:8      | Found a staircase to the Lair.
  4609 | D:8      | Noticed a death yak
  4609 | D:8      | Noticed a death yak
  4609 | D:8      | Noticed a death yak
  4609 | D:8      | Noticed a death yak
  4609 | D:8      | Noticed a death yak
  4611 | D:8      | Noticed a death yak
  4633 | D:8      | Slain by a death yak

Levels and vault maps discovered:
D:1:      lightli_arrival_statue_moat, layout_rooms, minmay_pentomino_s4
D:2:      layout_rooms, lightli_temple_of_fire, cheibriados_altar_1
D:3:      layout_loops_ring, fedhas_altar_2
D:4:      layout_basic, first_ration
D:5:      layout_basic, temple_green
D:6:      layout_rooms, serial_shops, shop_fountains,
          chequers_serial_rivers_micro_c
D:7:      layout_basic
D:8:      layout_loops_corners, dpeg_lair_monsters, david_nohive_1,
          ashenzari_altar_1

Skill      XL: |  1  2  3  4  5  6  7  8 |
---------------+-------------------------+-----
Fighting       | 3 4 |  4.6
Dodging        | 3 4 |  4.6
Shields        | 3 4 |  4.6
Unarmed Combat | 3 4 5 |  5.1
Invocations    | 1 2 |  2.3
Evocations     | 1 |  1.9

Action                   |  1- 3 |  4- 6 |  7- 9 || total
-------------------------+-------+-------+-------++-------
Melee: Unarmed           |   146 |    66 |   163 ||   375
 Stab: Sleeping          |     1 |     1 |       ||     2
  Eat: Chunk             |    16 |     4 |    17 ||    37
Armor: Robe              |    45 |    18 |    43 ||   106
Dodge: Dodged            |    49 |    21 |    52 ||   122
Block: Shield            |    53 |    30 |    92 ||   175

Table legend:
 A = Non-vault XP
 B = Vault XP
 C = Vault XP percentage of total XP
 D = Non-vault monster count
 E = Vault monster count
 F = Vault count percentage of total count
                 A         B        C        D         E       F
            +---------+---------+-------+---------+---------+-------
      Total |    2009 |       4 |   0.2 |     102 |       3 |   2.9
            +---------+---------+-------+---------+---------+-------
        D:1 |      43 |       4 |   8.5 |      26 |       3 |  10.3
        D:2 |      33 |       0 |   0.0 |      18 |       0 |   0.0
        D:3 |     294 |       0 |   0.0 |      19 |       0 |   0.0
        D:4 |     118 |       0 |   0.0 |       1 |       0 |   0.0
        D:5 |     318 |       0 |   0.0 |      11 |       0 |   0.0
        D:6 |     471 |       0 |   0.0 |      15 |       0 |   0.0
        D:7 |     510 |       0 |   0.0 |      10 |       0 |   0.0
        D:8 |     222 |       0 |   0.0 |       2 |       0 |   0.0
            +---------+---------+-------+---------+---------+-------
